 Dungeon Crawl Stone Soup version 0.29-a0-993-g4a18f31a58 (webtiles) character file.

Game seed: 7611338337504393554

1189 porpoise the Cleaver (level 8, 0/65 HPs)
             Began as a Formicid Gladiator on Aug 3, 2022.
             Slain by an ogre
             ... wielding a +0 giant club
              (27 damage)
             ... on level 5 of the Dungeon.
             The game lasted 00:15:37 (5636 turns).

porpoise the Cleaver (Formicid Gladiator)           Turns: 5636, Time: 00:15:39

Health: 0/65       AC:  8    Str: 22    XL:     8   Next: 71%
Magic:  8/8        EV: 11    Int:  7    God:
Gold:   346        SH:  0    Dex: 15    Spells: 7/7 levels left

rFire   . . .      SeeInvis +   a - +1 war axe (vorpal)
rCold   . . .      Faith    .   (no shield)
rNeg    . . .      Spirit   .   k - +0 scale mail
rPois   .          Reflect  .   (helmet unavailable)
rElec   .          Harm     .   j - +0 cloak
rCorr   .          Rampage  .   i - +0 pair of gloves
Will    .....                   (no boots)
Stlth   ..........              (no amulet)
HPRegen 0.20/turn               (no ring)
MPRegen 0.11/turn               (no ring)

@: no status effects
A: permanent stasis, dig shafts and tunnels, antennae 3, four strong arms
a: Dig, Shaft Self


You were on level 5 of the Dungeon.
You visited 1 branch of the dungeon, and saw 5 of its levels.

You collected 346 gold pieces.

Inventory:

Hand Weapons
 a - a +1 vorpal war axe (weapon)
 b - a +0 sling
 o - a +2 dagger of speed
 x - a +2 rapier of electrocution
Missiles
 f - 5 boomerangs (quivered)
 m - 3 throwing nets
 u - 9 javelins
Armour
 c - a +3 chain mail of cold resistance
 i - a +0 pair of gloves (worn)
 j - a +0 cloak (worn)
 k - a +0 scale mail (worn)
 y - the +3 buckler of Hysontui {rPois Str+4 Slay-6}
   (You found it on level 4 of the Dungeon)

   Str:       It affects your strength (+4).
   Slay:      It affects your accuracy & damage with ranged weapons and melee
   (-6).
   rPois:     It protects you from poison.
 A - a +0 troll leather armour
Wands
 w - a wand of polymorph (11)
Scrolls
 e - 4 scrolls of vulnerability {unknown}
 g - 4 scrolls of teleportation {unknown}
 h - 2 scrolls of enchant weapon {unknown}
 l - a scroll of magic mapping {unknown}
 p - 3 scrolls of fear {unknown}
 r - 2 scrolls of identify {unknown}
 t - a scroll of fog {unknown}
 B - a scroll of blinking {unknown}
Potions
 n - a potion of heal wounds
 q - a potion of cancellation {unknown}
 s - a potion of mutation {unknown}
 v - a potion of invisibility {unknown}
 z - a potion of resistance {unknown}


   Skills:
 + Level 6.5 Fighting
 * Level 8.6 Axes
 - Level 2.0 Throwing
 - Level 2.6 Dodging


You had 7 spell levels left.
You didn't know any spells.
Your spell library was empty.

Dungeon Overview and Level Annotations

Branches:
Dungeon (5/15)
 Temple: D:4-7

Altars:
Elyvilon
Gozag
Uskayaw
Wu Jian
Zin
The Shining One

Annotations:
D:5 2 runed translucent doors


Innate Abilities, Weirdness & Mutations

You cannot be hasted, slowed, berserked, paralysed or teleported.
You can dig through walls and to a lower floor.
You have a pair of large antennae on your head. (SInv)
Your four strong arms can wield two-handed weapons with a shield.


Message History

You barely miss the orc. You slash the orc wizard!
You kill the orc wizard!
An ogre comes into view. It is wielding a +0 giant club.
The gnoll hits you from afar with a +0 halberd.
A sky beast comes into view.
The orc closely misses you. The orc priest closely misses you.
A gnoll comes into view. It is wielding a +0 flail.
The quokka closely misses you.
You slash the orc priest!
You kill the orc priest!
You barely miss the orc. You hit the quokka.
You kill the quokka!
You hit the iguana but do no damage.
The sky beast flickers out of sight for a moment.
The iguana closely misses you. The orc hits you but does no damage.
It was a potion of heal wounds.
You feel much better.
A gnoll comes into view. It is wielding a +0 whip.
A gnoll comes into view. It is wielding a +0 spear.
The gnoll barely misses you. The gnoll sergeant misses you.
The iguana closely misses you. The orc barely misses you.
The gnoll shouts! x2
The gnoll misses you. The gnoll hits you but does no damage.
The gnoll sergeant hits you with a +0 spear.
The ogre hits you with a +0 giant club!!
The sky beast flickers out of sight for a moment.
The iguana bites you but does no damage.
The orc hits you with a +0 hand axe.
You see here a quokka corpse.
It was a potion of magic.
Magic courses through your body. The gnoll hits you with a +0 halberd.
The gnoll hits you but does no damage.
The gnoll sergeant hits you with a +0 spear.
The iguana bites you. The orc hits you but does no damage.
You hit the gnoll sergeant.
The gnoll sergeant is moderately wounded.
You slash the ogre! You hit the iguana. You hit the gnoll. You slash the orc!
You kill the orc!
You slash the gnoll!
The ogre hits you with a +0 giant club!!
You die...

#.....# ..#..
..#######.....#####.....
..#...)................
##......................
.....#..................
....##..................
...........##...........
...........###.).O......
....#.........))@lY.....
......#.#..##..ggg......
.##..####.####..g.......
.##..#.##.# #.#........
..........# #.gg......#
...#....#..#............
..#.....##.........#....
..#..#..................
....##..........#


You could see a sky beast (invisible), an ogre, a gnoll sergeant, an iguana and
5 gnolls.

Vanquished Creatures
  A troll (D:4)
  Sigmund (D:2)
  Eustachio (D:4)
  An ogre (D:5)
  A necrophage (D:5)
  A scorpion (D:4)
  A vampire bat (D:3)
  2 hounds
  An orc priest (D:5)
  A gnoll bouda (D:4)
  Terence (D:3)
  An orc wizard (D:5)
  An iguana (D:3)
  2 hound zombies (D:3)
  A hound skeleton (D:3)
  Robin (D:4)
  7 adders
  An ufetubus (D:3)
  An adder skeleton (D:3)
  3 dart slugs
  7 orcs
  6 endoplasms
  16 goblins
  4 hobgoblins
  7 kobolds
  4 quokkas
  4 ball pythons
  15 bats
  4 frilled lizards
  4 rats
101 creatures vanquished.

Vanquished Creatures (others)
  2 plants (D:1)
2 creatures vanquished.

Grand Total: 103 creatures vanquished

Notes
Turn   | Place    | Note
-------+----------+-------------------------------------------
     0 | D:1      | porpoise the Formicid Gladiator began the quest for the
                  | Orb.
     0 | D:1      | Reached XP level 1. HP: 16/16 MP: 1/1
   163 | D:1      | Reached XP level 2. HP: 23/23 MP: 2/2
   985 | D:1      | Reached XP level 3. HP: 28/28 MP: 3/3
  1536 | D:2      | Reached skill level 4 in Axes
  1824 | D:2      | Reached XP level 4. HP: 30/35 MP: 4/4
  1919 | D:2      | Found a faded altar of an unknown god.
  2317 | D:2      | Noticed Sigmund
  2322 | D:2      | Killed Sigmund
  2323 | D:2      | Reached skill level 5 in Axes
  2323 | D:2      | Reached XP level 5. HP: 42/42 MP: 5/5
  2323 | D:2      | Reached XP level 6. HP: 48/48 MP: 6/6
  2878 | D:3      | Noticed Terence
  2890 | D:3      | Killed Terence
  2891 | D:3      | Reached skill level 6 in Axes
  3072 | D:3      | Found a hide-covered altar of Uskayaw.
  3157 | D:3      | Reached XP level 7. HP: 54/55 MP: 7/7
  3938 | D:4      | Found an ornate altar of the Wu Jian Council.
  4068 | D:4      | Reached skill level 5 in Fighting
  4181 | D:4      | Noticed Eustachio
  4207 | D:4      | Killed Eustachio
  4208 | D:4      | Reached skill level 7 in Axes
  4228 | D:4      | Noticed Robin
  4326 | D:4      | Killed Robin
  4652 | D:4      | Identified the +3 buckler of Hysontui {rPois Str+4 Slay-6}
  4714 | D:4      | Reached XP level 8. HP: 51/63 MP: 8/8
  4773 | D:4      | Found an opulent altar of Gozag.
  5126 | D:4      | Found a glowing golden altar of the Shining One.
  5126 | D:4      | Found a glowing silver altar of Zin.
  5126 | D:4      | Found a white marble altar of Elyvilon.
  5172 | D:5      | Entered Level 5 of the Dungeon
  5185 | D:5      | Noticed a troll
  5200 | D:4      | Killed a troll
  5201 | D:4      | Reached skill level 8 in Axes
  5622 | D:5      | Found a runed translucent gate.
  5623 | D:5      | Found a runed translucent gate.
  5636 | D:5      | Slain by an ogre

Illustrated notes

Levels and vault maps discovered:
D:1:      minmay_arrival_plants_in_alcoves, layout_basic
D:2:      layout_loops_ring, chequers_ecumenical_altar_simple_redux,
          minmay_misc_feat_pillars, uniq_sigmund
D:3:      layout_basic, nicolae_uskayaw_suspiria, serial_undead,
          serial_undead_c, serial_undead_e, serial_undead_c, serial_undead_d,
          serial_undead_e, serial_undead_f, chequers_jeans, roderic_batcave,
          uniq_terence
D:4:      layout_basic, dreamdust_divine_triumvirate, amcnicky_altar_gilded,
          marbit_many_paths, uniq_eustachio, uniq_robin
D:5:      layout_cave_pools, mainiacjoe_overflow_small_starburst,
          nemelex_diamond_rough_becter, temple_green, ebering_ghost_rock_garden,
          grunt_ministairs_7

Skill      XL: |  1  2  3  4  5  6  7  8 |
---------------+-------------------------+-----
Axes           | 4 5 6 7 8 |  8.6
Fighting       | 3 4 5 6 |  6.5
Throwing       | |  2.0
Dodging        | |  2.6

Action                   |  1- 3 |  4- 6 |  7- 9 || total
-------------------------+-------+-------+-------++-------
Melee: War axe           |    80 |    79 |   112 ||   271
       Punch             |       |       |     3 ||     3
 Fire: Sling             |       |       |     4 ||     4
Throw: Throwing net      |       |     5 |       ||     5
       Javelin           |       |       |    11 ||    11
       Boomerang         |       |       |     8 ||     8
  Use: Potion            |       |       |     2 ||     2
 Stab: Sleeping          |     1 |       |       ||     1
       Held in net/web   |       |     2 |       ||     2
Armor: Leather armour    |    18 |     7 |       ||    25
       Scale mail        |       |    30 |    80 ||   110
Dodge: Dodged            |    51 |    55 |    86 ||   192

Table legend: (Time is in decaauts)
 A = Elapsed time spent in this place.
 B = Non-inter-level travel time spent in this place.
 C = Inter-level travel time spent in this place.
 D = Time resting spent in this place.
 E = Time spent auto-exploring this place.
 F = Levels seen in this place.
 G = Mean time per level.
                   A        B        C        D        E       F      G
               +--------+--------+--------+--------+--------+-----+--------+
         Total |   5701 |   5585 |    116 |   1825 |   2802 |   5 | 1140.2 |
       Dungeon |   5701 |   5585 |    116 |   1825 |   2802 |   5 | 1140.2 |
               +--------+--------+--------+--------+--------+-----+--------+

Top non-repeatable levels by time:
     D:4: 1532 daAuts
     D:3: 1492 daAuts
     D:1: 1483 daAuts
     D:2: 1014 daAuts
     D:5: 178 daAuts
